 Dungeon Crawl Stone Soup version 0.13.0-9-gbc74161 (webtiles) character file.

57 Malachi the Grave Robber (level 2, -1/19 HPs)
             Began as a Mummy Necromancer on Oct 17, 2013.
             Slain by a hobgoblin (5 damage)
             ... on Level 1 of the Dungeon.
             The game lasted 00:01:52 (1102 turns).

Malachi the Grave Robber (Mummy Necromancer)        Turns: 1102, Time: 00:01:52

HP  -1/19        AC  3     Str 11      XL: 2   Next: 31%
MP   1/4         EV 12     Int 14      God:
Gold 43          SH  0     Dex 12      Spells:  2 memorised,  0 levels left

Res.Fire  : x . .   See Invis. : .   e - +0,+1 orc club (drain)
Res.Cold  : + . .   Warding    : .   a - +0 robe
Life Prot.: + + +   Conserve   : .   (no shield)
Res.Poison: +       Res.Corr.  : .   (no helmet)
Res.Elec. : .       Clarity    : .   d - +0 cloak
Sust.Abil.: . .     Spirit.Shd : .   (no gloves)
Res.Mut.  : .       Stasis     : .   (no boots)
Res.Rott. : +       Flight     : .   (no amulet)
Saprovore : . . .                    (no ring)
                                     (no ring)

@: slightly resistant to hostile enchantments, unstealthy
A: no food or potions, fire vulnerability, restore body, cold resistance 1, life
protection 3, poison resistance, torment resistance, unbreathing
a: no special abilities


You were on level 1 of the Dungeon.
You were not hungry.

You visited 1 branch of the dungeon, and saw 1 of its levels.

You collected 23 gold pieces.

Inventory:

Hand weapons
 e - a +0,+1 orcish club of draining (weapon)
Armour
 a - a +0 robe (worn)
 d - a +0 cloak (worn)
Scrolls
 c - a scroll of identify {unknown}
 f - a scroll of enchant weapon II {unknown}
 g - a scroll of fog {unknown}
 h - a scroll of noise {unknown}
 i - a scroll of magic mapping {unknown}
 j - a scroll of random uselessness {unknown}
Books
 b - a book of Necromancy

   Spells                             Type                      Level
   *Pain                              Necromancy                   1
   Animate Skeleton                   Necromancy                   1
   *Lethal Infusion                   Charms/Necromancy            2
   Vampiric Draining                  Necromancy                   3
   Regeneration                       Charms/Necromancy            3
   Animate Dead                       Necromancy                   4
   Control Undead                     Necromancy                   4


   Skills:
 - Level 1.5 Dodging
 - Level 1.5 Stealth
 - Level 1.0 Spellcasting
 * Level 4.6 Necromancy


You couldn't memorise any spells.
You knew the following spells:

 Your Spells              Type           Power        Failure   Level  Hunger
a - Pain                  Necr           ##..         4%          1    N/A
b - Lethal Infusion       Chrm/Necr      #.........   17%         2    N/A

Dungeon Overview and Level Annotations

Branches:
Dungeon (1/27)

Altars:


Innate Abilities, Weirdness & Mutations

You do not eat or drink.
Your flesh is vulnerable to fire.
Your flesh is cold resistant.
You are immune to negative energy.
Your system is resistant to poisons.
You are immune to unholy pain and torment.
You can survive without breathing.


Message History

You barely miss the giant gecko. The giant gecko misses you.
You hit the giant gecko.
You kill the giant gecko!
The hobgoblin hits you.
* * * LOW HITPOINT WARNING * * *
You are too injured to fight recklessly!
You are too injured to fight recklessly!
Casting: Lethal Infusion
Confirm with . or Enter, or press ? or * to list all spells.
Your uncursed orcish club of draining flashes.
The hobgoblin hits you but does no damage.
You are too injured to fight recklessly!
You are too injured to fight recklessly!
You are too injured to fight recklessly!
You barely miss the hobgoblin.
The hobgoblin hits you but does no damage.
You hit the hobgoblin.
The hobgoblin is almost dead.
The hobgoblin hits you.
You die...

##.# ##.....#.### #####
#.##.. .. #..%..#.#
#.##.. #.....#.# #.....
#######.# ##...## #.#
#....# ###.# #...## #...#
#...#
######...#############.##
........gg@.............#
########.####...#####...#
#.###....#####...###
#.......>.........^.
###.....)####...####
#.....!# #...# ########
#...# #####


You could see a hobgoblin and a goblin.

Vanquished Creatures
  4 giant geckos (D:1)
  3 hobgoblins (D:1)
  A ball python (D:1)
  3 goblins (D:1)
  A rat (D:1)
12 creatures vanquished.

Notes
Turn   | Place    | Note
--------------------------------------------------------------
     0 | D:1      | Malachi, the Mummy Necromancer, began the quest for the Orb.
     0 | D:1      | Reached XP level 1. HP: 13/13 MP: 3/3
   426 | D:1      | Reached XP level 2. HP: 5/19 MP: 0/4
   748 | D:1      | Learned a level 2 spell: Lethal Infusion
  1102 | D:1      | Slain by a hobgoblin

Action                   || total
-------------------------++-------
Melee: Club              ||    33
 Cast: Pain              ||    12
       Lethal Infusion   ||     5
